AoeStats
← zamithdaniel

Black Forest

507597080Analyzed
3v3 RM · 14d ago on Sep 18, 2026· 46m 15s· 6 players
Game mode
Random Map
Map size
Normal (6 player)
Population
200
Speed
Normal
Resources
Standard
Victory
Conquest
Starting age
Dark Age
Ending age
Imperial Age
RankedLock teamsTeams togetherTeam positionsShared explorationLock speedFull tech treeHidden civsTurbo modeCheats
Victory
Defeat
🇲🇽 Malay · Mexico
966
+13
🇨🇴 Turks · Colombia
929
+15
🇲🇽 Jurchens · Mexico
925
+15
🇺🇸 Byzantines · United States
949
-17
🇺🇸 Celts · United States
893
-14
🇺🇸 Ethiopians · United States
857
-12
LeonGamer7u7
1:11 Loom
12:24 Feudal Age
12:52 Double-Bit Axe
12:48 Horse Collar
18:35 Castle Age
19:54 Wheelbarrow
20:28 Bow Saw
22:26 Heavy Plow
23:51 Town Watch
28:24 Imperial Age
27:01 Fervor
28:22 Treadmill Crane
30:43 Chemistry
34:04 Caravan
35:04 Conscription
35:03 Forging
34:43 Fletching
35:33 Elite Iron Pagoda
36:37 Forging
36:25 Bodkin Arrow
36:30 Scale Mail Armor
36:19 Heavy Rocket Cart
39:24 Iron Casting
39:05 Chain Mail Armor
38:51 Bracer
38:44 Arson
39:01 Squires
38:25 Pikeman
39:07 Husbandry
39:17 Bloodlines
39:18 Siege Engineers
39:34 Ballistics
39:24 Masonry
39:10 Murder Holes
40:28 Two-Man Saw
40:06 Crop Rotation
39:52 Murder Holes
40:43 Gold Mining
40:44 Stone Mining
41:42 Fortified Wall
41:43 Masonry
42:12 Gold Shaft Mining
42:13 Stone Shaft Mining
42:58 Blast Furnace
42:04 Scale Barding Armor
44:19 Thunderclap Bombs
44:54 Chain Barding Armor
45:38 Halberdier
MAGNUZ
0:27 Loom
13:02 Feudal Age
12:50 Double-Bit Axe
21:01 Castle Age
18:55 Horse Collar
19:32 Gold Mining
20:49 Bow Saw
21:56 Heavy Plow
25:32 Wheelbarrow
26:00 Gold Mining
27:11 Forging
28:36 Gold Shaft Mining
34:13 Imperial Age
33:31 Iron Casting
34:39 Wheelbarrow
35:12 Blast Furnace
34:53 Conscription
35:45 Chemistry
35:05 Ballistics
35:34 Elite Karambit Warrior
37:04 Hand Cart
37:08 Scale Barding Armor
38:48 Heavy Scorpion
42:27 Husbandry
41:49 Light Cavalry
43:26 Siege Engineers
zamithdaniel
10:13 Feudal Age
11:04 Horse Collar
11:12 Double-Bit Axe
18:22 Castle Age
19:27 Heavy Plow
19:40 Bow Saw
21:46 Loom
28:19 Wheelbarrow
30:51 Imperial Age
29:19 Wheelbarrow
29:34 Fletching
29:45 Padded Archer Armor
29:56 Forging
29:52 Scale Barding Armor
34:59 Stone Mining
35:02 Gold Mining
35:35 Husbandry
35:47 Bloodlines
35:56 Leather Archer Armor
36:16 Iron Casting
36:02 Chain Barding Armor
36:08 Conscription
35:56 Artillery
35:49 Elite Janissary
38:19 Gold Shaft Mining
39:01 Ring Archer Armor
40:44 Blast Furnace
40:25 Plate Barding Armor
江培騰
0:41 Loom
14:16 Feudal Age
16:06 Double-Bit Axe
16:06 Horse Collar
17:13 Wheelbarrow
18:17 Gold Mining
20:25 Town Watch
24:11 Castle Age
22:07 Stone Mining
25:15 Heavy Plow
25:54 Gold Shaft Mining
25:33 Bow Saw
25:45 Hand Cart
31:04 Fortified Wall
31:17 Ballistics
35:43 Imperial Age
34:55 Stone Shaft Mining
37:25 Chemistry
36:32 Siege Engineers
38:40 Two-Man Saw
40:25 Torsion Engines
43:39 Murder Holes
43:50 Fletching
Iceman7
0:28 Loom
13:07 Feudal Age
14:58 Double-Bit Axe
19:58 Castle Age
18:50 Forging
18:28 Horse Collar
19:12 Stone Mining
19:17 Gold Mining
20:14 Man-at-Arms
32:44 Imperial Age
31:55 Heavy Plow
31:51 Fletching
32:13 Long Swordsman
33:25 Two-Handed Swordsman
34:38 Siege Engineers
34:55 Ballistics
37:40 Wheelbarrow
39:40 Chemistry
39:50 Hand Cart
39:23 Onager
42:39 Furor Celtica
pdj42
0:27 Loom
15:36 Feudal Age
16:06 Double-Bit Axe
16:03 Horse Collar
18:53 Wheelbarrow
20:04 Gold Mining
20:07 Stone Mining
21:50 Fletching
27:08 Castle Age
26:22 Forging
26:13 Scale Mail Armor
27:27 Pikeman
28:08 Squires
27:30 Crossbowman
28:15 Thumb Ring
29:13 Bow Saw
29:06 Heavy Plow
29:41 Padded Archer Armor
32:10 Stone Shaft Mining
31:48 Bodkin Arrow
33:23 Scale Barding Armor
34:46 Gold Shaft Mining
35:20 Hand Cart
36:19 Fortified Wall
36:05 Murder Holes
36:30 Ballistics
36:04 Man-at-Arms
36:30 Gambesons
36:07 Elite Skirmisher
41:48 Imperial Age
39:37 Treadmill Crane
40:16 Chain Mail Armor
41:26 Iron Casting
41:50 Husbandry
43:36 Chemistry
42:57 Caravan
42:36 Arbalester
45:11 Arrowslits
45:46 Bombard Tower
45:38 Bracer
46:08 Plate Mail Armor
45:54 Leather Archer Armor
45:59 Chain Barding Armor
Connection lost

Rejoining the realm…

Still unreachable

The connection could not be restored.

Session expired

The server has moved on; the page needs a fresh start.